AoeStats
← Iguano Pop

Arabian Desert

510035971Analyzed
1v1 RM · 3d ago on Sep 29, 2026· 25m 48s· 2 players
Game mode
Random Map
Map size
Tiny (2 player)
Population
200
Speed
Normal
Resources
Standard
Victory
Conquest
Starting age
Dark Age
Ending age
Imperial Age
RankedLock teamsTeams togetherTeam positionsShared explorationLock speedFull tech treeHidden civsTurbo modeCheats
Victory
Defeat
🇲🇽 Berbers · Mexico
1304
+16
🇳🇿 Poles · New Zealand
1306
-16
Iguano Pop
6:51 Loom
10:04 Feudal Age
10:34 Double-Bit Axe
10:33 Horse Collar
11:20 Town Watch
15:49 Forging
21:25 Castle Age
20:39 Bloodlines
20:42 Scale Barding Armor
20:35 Gold Mining
23:20 Husbandry
23:28 Heavy Plow
26:23 Chain Barding Armor
FinRahZel
9:36 Feudal Age
11:17 Double-Bit Axe
11:57 Forging
11:57 Horse Collar
15:03 Loom
20:46 Castle Age
22:54 Bow Saw
23:55 Scale Barding Armor
26:09 Husbandry
Connection lost

Rejoining the realm…

Still unreachable

The connection could not be restored.

Session expired

The server has moved on; the page needs a fresh start.